cohdb
Replays
Latest Replays
All Replays
Popular Replays
Top Player Replays
Match Explorer
How It Works
Community
CoH3 Stats
Reddit
Sign in to upload your games and track your stats! →
Sign in with Steam
Match 44745438
Unlisted
Match 44745438
Overview
Messages
Build Orders
End
Construct Infanterie Kompanie
Selects Luftwaffe Battlegroup
Selects Luftwaffe Pioneer Support
Grenadier Squad
Grenadier Squad
Grenadier Squad
Infanterie Officer Quarters
Grenadier Squad
Grenadier Squad
Selects Stuka Strafing Run
Stuka Strafing Run
Construct Panzergrenadier Kompanie
Selects Fallschirmjäger Squad Paradrop
Fallschirmjäger Squad Paradrop
Stuka Strafing Run
Pak 40 Anti-tank Gun Team
Construct Panzer Kompanie
Stuka Strafing Run
Selects Stuka Loiter
Panzer IV Medium Tank
Stuka Strafing Run
Panzer IV Medium Tank
Stuka Loiter
Panzer IV Medium Tank
Pioneer Squad
CUI
Zds□■
沐雨轻然
upham76
Jeremy
19禁
袅炸天
JT
0
0
Comments
sign in to comment!
No comments posted yet!